 Dungeon Crawl Stone Soup version 0.28-a0-653-g7e9dba17c3 (webtiles) character file.

Game seed: 8883032775749397090

44 keeta the Skirmisher (level 3, -2/24 HPs)
             Began as a Gargoyle Monk on Oct 12, 2021.
             Was a Priest of Fedhas.
             Slain by a gnoll (3 damage)
             ... on level 2 of the Dungeon.
             The game lasted 00:04:39 (2265 turns).

keeta the Skirmisher (Gargoyle Monk)                Turns: 2265, Time: 00:04:39

Health: -2/24      AC:  5    Str: 15    XL:     3   Next: 60%
Magic:  3/3        EV: 12    Int: 10    God:    Fedhas [***...]
Gold:   119        SH:  0    Dex: 12    Spells: 2/2 levels left

rFire   . . .      SeeInvis .   a - +0 mace
rCold   . . .      Faith    .   (no shield)
rNeg    + . .      Spirit   .   b - +0 robe
rPois   ∞          Reflect  .   (no helmet)
rElec   +          Harm     .   (no cloak)
rCorr   .          Rampage  .   (no gloves)
Will    .....                   (no boots)
Stlth   ++........              (no amulet)
HPRegen 0.08/turn               (no ring)
MPRegen 0.08/turn               (no ring)

@: no status effects
A: sickness immunity, AC +3, negative energy resistance 1, electricity
resistance, torment resistance 1, petrification resistance
a: Renounce Religion, Wall of Briars, Grow Ballistomycete


You were on level 2 of the Dungeon.
You worshipped Fedhas.
Fedhas was most pleased with you.
You visited 1 branch of the dungeon, and saw 2 of its levels.

You collected 119 gold pieces.

Inventory:

Hand Weapons
 a - a +0 mace (weapon)
 d - a +0 dagger
 g - a +0 short sword
 i - a +0 hand axe
 j - a +0 hunting sling
Armour
 b - a +0 robe (worn)
Scrolls
 c - a scroll of enchant weapon {unknown}
 e - a scroll of magic mapping {unknown}
 f - 2 scrolls of identify {unknown}
 h - a scroll of holy word {unknown}


   Skills:
 + Level 3.6 Fighting
 + Level 3.6 Maces & Flails
 + Level 3.0 Dodging
 + Level 2.3 Stealth


You had 2 spell levels left.
You didn't know any spells.
Your spell library was empty.

Dungeon Overview and Level Annotations

Branches:
Dungeon (2/15)

Altars:
Fedhas


Innate Abilities, Weirdness & Mutations

You are immune to sickness and miasma.
Your stone body is resilient. (AC +3)
You are immune to poison.
You resist negative energy. (rN+)
You are resistant to electric shocks. (rElec)
You are resistant to unholy torment.
You are immune to petrification.


Message History

Found 18 stones.
The gnoll hits you from afar with a +0 spear.
You see here 18 stones.
The gnoll hits you from afar with a +0 spear.
The gnoll misses you. The gnoll hits you with a +0 club.
A quokka comes into view.
The quokka twitches its whiskers.
The quokka bites you but does no damage.
The quokka barely misses you.
The quokka bites you but does no damage.
There is a stone staircase leading up here.
The quokka misses you.
You climb upwards.
There is a stone staircase leading down here.
You hit the quokka.
The quokka is lightly wounded.
The quokka closely misses you. The quokka bites you.
You sock the quokka!
You kill the quokka!
Fedhas appreciates your contribution to the ecosystem.
You can now grow a ballistomycete.
You start resting.
HP restored.
There is a stone staircase leading down here.
You climb downwards.
The gnoll hits you with a +0 club. The gnoll closely misses you.
The gnoll barely misses you. The gnoll closely misses you.
The gnoll hits you from afar with a +0 spear.
There is a stone staircase leading up here.
You hit the gnoll.
The gnoll is heavily wounded.
The gnoll hits you from afar with a +0 spear of freezing!
The gnoll freezes you.
* * * LOW HITPOINT WARNING * * *
The gnoll hits you with a +0 club.
* * * LOW HITPOINT WARNING * * *
The gnoll hits you from afar with a +0 spear.
You die...
Fedhas appreciates your contribution to the ecosystem.

......#........##.####
.. .....................
...####..........###.###
......#.#..###..#.....#
......................##
...####...g.#...........
....#...gg.....##.....##
...............##.....#.
....#.g@................
......................##
...#..................#
...............#......##
...............###.#....
..##........... #.#....
.. #.##.####### #.#....
#.##.# #.#....
#<##.##########.#....


You could see 4 gnolls.

Vanquished Creatures
  2 adders (D:2)
  An endoplasm (D:1)
  A giant cockroach (D:1)
  3 goblins
  3 hobgoblins (D:1)
  4 jackals (D:1)
  A kobold (D:2)
  2 quokkas (D:1)
  2 ball pythons
  A frilled lizard (D:1)
  3 rats (D:1)
23 creatures vanquished.

Notes
Turn   | Place    | Note
-------+----------+-------------------------------------------
     0 | D:1      | keeta the Gargoyle Monk began the quest for the Orb.
     0 | D:1      | Reached XP level 1. HP: 14/14 MP: 1/1
   358 | D:1      | Reached XP level 2. HP: 17/19 MP: 2/2
   791 | D:1      | Found a faded altar of an unknown god.
  1491 | D:1      | Prayed at the altar of an unknown god.
  1491 | D:1      | Became a worshipper of Fedhas Madash
  1491 | D:1      | Reached * piety under Fedhas
  1491 | D:1      | Reached ** piety under Fedhas
  1534 | D:2      | Reached XP level 3. HP: 11/23 MP: 3/3
  2085 | D:1      | Reached *** piety under Fedhas
  2265 | D:2      | HP: 1/24 [gnoll (4)]
  2265 | D:2      | Slain by a gnoll

Illustrated notes

Levels and vault maps discovered:
D:1:      dpeg_arrival_central, layout_basic, ebering_ecumenical_altar_hall,
          palyth_stone_intersect, chequers_serial_rivers_marsh, minmay_vboxes
D:2:      layout_rooms

Skill      XL: |  1  2  3 |
---------------+----------+-----
Dodging        | 3 |  3.0
Fighting       | |  3.6
Maces & Flails | |  3.6
Stealth        | |  2.3

Action                   || total
-------------------------++-------
Melee: Mace              ||    98
Armor: Robe              ||    32
Dodge: Dodged            ||    72

Table legend: (Time is in decaauts)
 A = Elapsed time spent in this place.
 B = Non-inter-level travel time spent in this place.
 C = Inter-level travel time spent in this place.
 D = Time resting spent in this place.
 E = Time spent auto-exploring this place.
 F = Levels seen in this place.
 G = Mean time per level.
                   A        B        C        D        E       F      G
               +--------+--------+--------+--------+--------+-----+--------+
         Total |   2296 |   2269 |     27 |    959 |    796 |   2 | 1148.0 |
       Dungeon |   2296 |   2269 |     27 |    959 |    796 |   2 | 1148.0 |
               +--------+--------+--------+--------+--------+-----+--------+

Top non-repeatable levels by time:
     D:1: 1717 daAuts
     D:2: 578 daAuts
